 Dungeon Crawl Stone Soup version 0.21-a0-508-gf08a75f (webtiles) character file.

44 dududu the Charmwright (level 3, 0/27 HPs)
             Began as a Vampire Skald on Nov 28, 2017.
             Slain by a hound (5 damage)
             ... on level 2 of the Dungeon.
             The game lasted 00:06:20 (1447 turns).

dududu the Charmwright (Vampire Skald)              Turns: 1447, Time: 00:06:21

Health: 0/27       AC:  6    Str: 11    XL:     3   Next: 41%
Magic:  0/6        EV: 12    Int: 15    God:
Gold:   43         SH:  0    Dex: 13    Spells: 0/6 levels left

rFire    . . .     SeeInvis +   a - +0 falchion
rCold    . . .     Gourm    .   (no shield)
rNeg     . . .     Faith    .   b - +0 leather armour
rPois    .         Spirit   .   (no helmet)
rElec    .         Reflect  .   h - +0 cloak
rCorr    .         Harm     .   i - +0 pair of gloves
MR       .....                  f - +0 pair of boots
Stlth    +.........             (no amulet)
HPRegen  0.29/turn              (no ring)
MPRegen  0.10/turn              (no ring)

@: shrouded, infused, very slightly contaminated, regenerating quickly
A: fangs 3, see invisible, unbreathing
a: no special abilities


You were on level 2 of the Dungeon.
You were full.

You visited 1 branch of the dungeon, and saw 2 of its levels.

You collected 43 gold pieces.

Inventory:

Hand Weapons
 a - a +0 falchion (weapon)
Missiles
 k - 6 exploding tomahawks (quivered)
Armour
 b - a +0 leather armour (worn)
 f - a +0 pair of boots (worn)
 h - a +0 cloak (worn)
 i - a +0 pair of gloves (worn)
 m - a +0 large shield
Jewellery
 g - an uncursed ring of stealth {unknown}
Scrolls
 e - a scroll of enchant weapon {unknown}
 o - a scroll of enchant armour {unknown}
Potions
 d - 9 potions of blood
 j - a potion of agility {unknown}
 l - a potion of curing {unknown}
 n - a potion of ambrosia {unknown}
Books
 c - a book of Battle

   Spells                             Type                      Level
   a - Infusion                       Charms                       1
   b - Shroud of Golubria             Charms/Translocation         2
   c - Song of Slaying                Charms                       2
   d - Spectral Weapon                Hexes/Charms                 3
   e - Regeneration                   Charms/Necromancy            3


   Skills:
 + Level 2.2 Fighting
 + Level 2.9 Long Blades
 - Level 0.7 Armour
 - Level 2.1 Dodging
 - Level 2.0 Spellcasting
 * Level 0.0 Hexes
 + Level 4.0 Charms


You couldn't memorise any spells.
You knew the following spells:

 Your Spells              Type           Power        Failure   Level  Hunger
a - Infusion              Chrm           ##..         5%          1    #......
b - Shroud of Golubria    Chrm/Tloc      #.........   19%         2    ###....
c - Spectral Weapon       Hex/Chrm       #.......     36%         3    ###....


Dungeon Overview and Level Annotations

Branches:
Dungeon (2/15)

Altars:
Makhleb


Innate Abilities, Weirdness & Mutations

Your natural rate of healing is unusually fast.
You have razor-sharp teeth.
You have supernaturally acute eyesight. (SInv)
You can survive without breathing.


Message History

Confirm with . or Enter, or press ? or * to list all spells.
Space distorts slightly along a thin shroud covering your body.
The hound barely misses you. The hound closely misses you.
You riposte.
You barely miss the hound.
The hound is lightly wounded.
Casting: Shroud of Golubria
Confirm with . or Enter, or press ? or * to list all spells.
You miscast Spectral Weapon.
You are very lightly contaminated with residual magic.
Nothing appears to happen.
The hound bites you.
* * * LOW HITPOINT WARNING * * *
You miss the hound.
The hound is lightly wounded.
The hound closely misses you. The hound misses you.
You hit the hound.
The hound is moderately wounded.
The hound barely misses you.
You riposte.
You closely miss the hound.
The hound is moderately wounded.
The hound bites you.
You die...

.....####.#####..#.....###.#
.....# #.# ####.........#
.....# #.# ## #####..#..#
....^# #.# ##∩# ##...# .
.....# #.# #._. #....#.###
.....####.###..†
##.......... ...>.'.....#
#.. #.)........#
.....#######
#h###..####.#### .....#
#.@#..## ..# .....# ##...##
#.# .....# ##.## .# ...(.#
### .....# ######


You could see a hound.

Vanquished Creatures
  An adder (D:2)
  2 leopard geckos
  2 ball pythons (D:1)
  5 hobgoblins
  3 jackals (D:1)
  2 kobolds
  A quokka (D:2)
  4 bats
  3 frilled lizards
  7 goblins (D:1)
  A rat (D:2)
31 creatures vanquished.

Notes
Turn   | Place    | Note
-------+----------+-------------------------------------------
     0 | D:1      | dududu the Vampire Skald began the quest for the Orb.
     0 | D:1      | Reached XP level 1. HP: 16/16 MP: 3/3
    90 | D:1      | Reached XP level 2. HP: 20/22 MP: 0/5
    94 | D:1      | Learned a level 2 spell: Shroud of Golubria
  1049 | D:2      | Reached XP level 3. HP: 20/27 MP: 6/6
  1354 | D:2      | Reached skill level 4 in Charms
  1418 | D:2      | Learned a level 3 spell: Spectral Weapon
  1433 | D:2      | Found a burning altar of Makhleb.
  1447 | D:2      | Slain by a hound

Vault maps used:
D:1:      minmay_arrival_glassed_features, minmay_statues_item
D:2:      old_standard_altar, makhleb_blood_cavern_becter,
          uniq_crazy_yiuf_cottage

Skill      XL: |  1  2  3 |
---------------+----------+-----
Fighting       | 2 |  2.2
Charms         | 4 |  4.0
Long Blades    | |  2.9
Armour         | |  0.7
Dodging        | |  2.1
Spellcasting   | |  2.0

Action                   || total
-------------------------++-------
Melee: Falchion          ||    92
       Bite              ||    10
Throw: Tomahawk          ||     2
 Cast: Infusion          ||     3
       Shroud of Golubri ||     1
  Use: Potion            ||     8
Armor: Leather armour    ||    27
Dodge: Dodged            ||    67
       Rpst.: Falchion   ||    23

Table legend:
 A = Spawn XP
 B = Non-spawn XP
 C = Spawn XP percentage of total XP
 D = Spawn monster count
 E = Non-spawn monster count
 F = Spawn count percentage of total count
 G = Total turns spent on level
                    A         B        C        D         E        F      G
               +---------+---------+-------+---------+---------+-------+---------
         Total |       0 |      64 |   0.0 |       0 |      31 |   0.0 |  1447
               +---------+---------+-------+---------+---------+-------+---------
           D:1 |       0 |      39 |   0.0 |       0 |      22 |   0.0 |   982
           D:2 |       0 |      25 |   0.0 |       0 |       9 |   0.0 |   465
               +---------+---------+-------+---------+---------+-------+---------
